 Dungeon Crawl Stone Soup version 0.23.2-1-ga50397a (webtiles) character file.

Game seed: 13923772396278486922

11256 troglodite the Thaumaturge (level 11, -10/53 HPs)
             Began as a Spriggan Conjurer on May 27, 2019.
             Was a High Priest of Dithmenos.
             Mangled by a death yak simulacrum (36 damage)
             ... in an ice cave on May 28, 2019.
             The game lasted 01:53:50 (23489 turns).

troglodite the Thaumaturge (Spriggan Conjurer)     Turns: 23489, Time: 01:53:51

Health: -10/53     AC:  6    Str:  4    XL:     11   Next: 46%
Magic:  4/25       EV: 25    Int: 23    God:    Dithmenos [*****.]
Gold:   708        SH:  0    Dex: 19    Spells: 12/28 levels left

rFire    + . .     SeeInvis +   g - +1 dagger (freeze)
rCold    . . .     Gourm    .   (shield restricted)
rNeg     . . .     Faith    .   a - +1 robe
rPois    .         Spirit   .   (helmet restricted)
rElec    .         Reflect  .   q - +2 cloak
rCorr    .         Harm     .   (gloves unavailable)
MR       +....                  (boots unavailable)
Stlth    +++++++...             J - amulet of the acrobat
HPRegen  0.17/turn              d - ring of protection from fire
MPRegen  0.19/turn              u - +5 ring of intelligence

@: wreathed by umbra, very quick
A: very small, unfitting armour, see invisible, herbivore, speed 3, slow
metabolism 2
a: Shadow Step, Shadow Form, Renounce Religion


You were in an ice cave.
You worshipped Dithmenos.
Dithmenos was extremely pleased with you.
You were very hungry.

You visited 2 branches of the dungeon, and saw 14 of its levels.
You also visited: Ossuary and Ice Cave.

You collected 708 gold pieces.

Inventory:

Hand Weapons
 g - a +1 dagger of freezing (weapon)
 p - a +0 hunting sling
Missiles
 i - 155 sling bullets
 j - 444 stones (quivered)
Armour
 a - a +1 robe (worn)
 q - a +2 cloak (worn)
Jewellery
 d - a ring of protection from fire (left hand)
 u - a +5 ring of intelligence (right hand)
 J - an amulet of the acrobat (around neck)
 K - an uncursed ring of flight
 L - an uncursed ring of protection from cold
Wands
 y - a wand of random effects (15)
 D - a wand of iceblast (8)
 I - a wand of paralysis (9)
Scrolls
 e - 9 scrolls of remove curse
 f - 3 scrolls of enchant armour
 l - 4 scrolls of enchant weapon
 m - 3 scrolls of amnesia {unknown}
 s - 3 scrolls of fear {unknown}
 t - 2 scrolls of vulnerability {unknown}
 v - 3 scrolls of fog
 z - a scroll of magic mapping
 A - 3 scrolls of random uselessness {unknown}
 N - 2 scrolls of identify
Potions
 b - 2 potions of curing
 h - 3 potions of brilliance
 k - 2 potions of resistance
 n - 3 potions of lignification
 o - a potion of ambrosia
 r - 3 potions of flight
 w - 2 potions of heal wounds
 x - a potion of might {unknown}
 B - a potion of degeneration {unknown}
 C - 2 potions of cancellation {unknown}
 E - 2 potions of invisibility {unknown}
 F - a potion of mutation {unknown}
 G - 2 potions of haste
 H - a potion of agility {unknown}
 M - a potion of berserk rage {unknown}
Comestibles
 c - 21 rations


   Skills:
 * Level 3.9 Fighting
 * Level 5.6 Short Blades
 * Level 5.7 Slings
 * Level 8.7 Dodging
 * Level 8.6 Stealth
 * Level 9.1 Spellcasting
 * Level 6.1 Conjurations
 * Level 3.8 Summonings
 * Level 4.2 Necromancy
 * Level 3.7 Fire Magic
 * Level 4.0 Earth Magic
 * Level 3.8 Evocations


You had 12 spell levels left.
You knew the following spells:

 Your Spells              Type           Power        Failure   Level  Hunger
a - Magic Dart            Conj           ####         1%          1    None
b - Searing Ray           Conj           #####.       1%          2    None
c - Conjure Flame         Conj/Fire      ####....     2%          3    None
d - Animate Skeleton      Necr           N/A          1%          1    None
e - Summon Small Mammal   Summ           ####         1%          1    None
f - Iskenderun's Mystic   Conj           #####...     4%          4    ##.....
g - Sandblast             Erth           ####..       1%          1    None
h - Stone Arrow           Conj/Erth      ####..       2%          3    None

Your spell library contained the following spells:

 Spells                   Type           Power        Failure   Level  Hunger
 Call Imp                 Summ           ####....     1%          2    None
 Passwall                 Tmut/Erth      ###.....     4%          2    None
 Dazzling Spray           Conj/Hex       ###...       5%          3    None
 Apportation              Tloc           ##....       6%          1    None
 Confusing Touch          Hex            ##....       6%          1    None
 Corona                   Hex            ##.....      6%          1    None
 Inner Flame              Hex/Fire       ###.....     9%          3    None
 Mephitic Cloud           Conj/Pois/Air  ###.....     9%          3    None
 Blink                    Tloc           N/A          10%         2    None
 Slow                     Hex            ##......     10%         2    None
 Force Lance              Conj/Tloc      ###.....     17%         4    ##.....
 Fulminant Prism          Conj/Hex       ###.......   17%         4    ##.....
 Portal Projectile        Hex/Tloc       ##....       19%         3    None
 Leda's Liquefaction      Hex/Erth       ###.......   26%         4    ##.....
 Petrify                  Tmut/Erth      ###.....     26%         4    ##.....
 Lee's Rapid Deconstruct  Erth           ####......   32%         5    ####...
 Cause Fear               Hex            ##........   52%         4    ##.....


Dungeon Overview and Level Annotations

Branches:
Dungeon (13/15)            Temple (1/1) D:4            Lair (0/6) D:9
    Orc (0/2) D:12
 Vaults: D:13-14

Altars:
Ashenzari
Cheibriados
Dithmenos
Elyvilon
Fedhas
Gozag
Hepliaklqana
Kikubaaqudgha
Makhleb
Nemelex Xobeh
Okawaru
Qazlal
Ru
Sif Muna
Trog
Uskayaw
Vehumet
Wu Jian
Xom
Yredelemnul
Zin
The Shining One

Shops:
D:5 [%:*(

Annotations:
D:4 2 transporters, Sassenached's ghost, novice DsNe
D:6 2 transporters
D:9 Harold
D:11 Josephine; Nergalle


Innate Abilities, Weirdness & Mutations

You are very small and have problems with some larger weapons.
You are too small for most types of armour.
You have supernaturally acute eyesight. (SInv)
You are a herbivore.
You cover ground extremely quickly.
You need to consume almost no food.


Message History

The death yak simulacrum completely misses you.
You hit the death yak simulacrum but do no damage.
The death yak simulacrum is lightly damaged.
You hit the death yak simulacrum.
The death yak simulacrum is lightly damaged.
Your shadow completely misses the death yak simulacrum.
The death yak simulacrum misses you.
You hit the death yak simulacrum but do no damage.
The death yak simulacrum is lightly damaged.
You hit the death yak simulacrum but do no damage.
The death yak simulacrum is lightly damaged.
Your shadow completely misses the death yak simulacrum.
The death yak simulacrum misses you.
You hit the death yak simulacrum but do no damage.
The death yak simulacrum is lightly damaged.
You hit the death yak simulacrum.
The death yak simulacrum is lightly damaged.
The death yak simulacrum gores you! The death yak simulacrum freezes you!!!
Ouch! That really hurt!
You die...

#### ###
##..##
##..##....##
#..........#
.......∩.∩.#
..##.......#
###..Z.##
##.@## ####


You could see a death yak simulacrum.

Vanquished Creatures
  Erolcha (D:9)
  A two-headed ogre (D:11)
  Urug (D:10)
  Pikel (D:9)
  2 rust devils (D:7)
  A troll (D:9)
  A wolf spider simulacrum (IceCv)
  Grinder (D:4)
  A hippogriff (D:9)
  Sigmund (D:4)
  Eustachio (D:5)
  2 yaks
  A human (D:7)
  Grum (D:8)
  3 hogs
  2 water moccasins
  7 orc warriors
  A slave (D:9)
  A sky beast (D:9)
  An alligator simulacrum (IceCv)
  An ice beast (D:10)
  A black bear (D:7)
  A phantom (D:10)
  13 ogres
  2 wolves
  7 centaurs
  2 big kobolds
  8 bullfrogs
  2 wyvern zombies
  6 water moccasin zombies (Ossuary)
  A scorpion (D:10)
  A killer bee (D:11)
  7 wights
  4 crimson imps
  2 bullfrog zombies (D:10)
  A centaur zombie (D:10)
  3 hounds
  2 jellies
  12 orc wizards
  A bullfrog skeleton (D:11)
  3 centaur skeletons
  9 orc priests
  An iguana (D:6)
  5 worker ants
  A polar bear simulacrum (IceCv)
  4 big kobold zombies (Ossuary)
  A hound zombie (D:8)
  2 mummies (Ossuary)
  A worker ant zombie (D:8)
  Robin (D:2)
  4 gnolls (D:6)
  13 adders
  A white imp (D:12)
  An adder skeleton (D:9)
  4 adder zombies
  5 worms
  5 leopard geckos
  40 orcs
  6 giant cockroaches
  7 gnoll zombies (Ossuary)
  15 goblins
  10 hobgoblins
  10 jackals
  22 kobolds
  8 quokkas
  3 ball pythons
  8 bats
  8 frilled lizards
  3 hobgoblin zombies (Ossuary)
  3 kobold zombies (Ossuary)
  5 orc zombies (Ossuary)
  2 quokka skeletons
  A quokka zombie (D:8)
  10 rats
330 creatures vanquished.

Vanquished Creatures (others)
  3 slaves (D:9)
  A big kobold (D:9)
  An orc priest (D:9)
  A jelly (D:9)
  An orc wizard (D:9)
  An iguana (D:9)
  A worker ant (D:9)
  An adder (D:9)
  A leopard gecko (D:11)
  3 orcs (D:9)
  A quokka (D:9)
  A kobold (D:9)
16 creatures vanquished.

Grand Total: 346 creatures vanquished

Notes
Turn   | Place    | Note
-------+----------+-------------------------------------------
     0 | D:1      | troglodite the Spriggan Conjurer began the quest for the
                  | Orb.
     0 | D:1      | Reached XP level 1. HP: 9/9 MP: 5/5
   112 | D:1      | Reached XP level 2. HP: 9/13 MP: 2/6
  1103 | D:2      | Noticed Robin
  1160 | D:1      | Learned a level 2 spell: Searing Ray
  1180 | D:2      | Found a basalt altar of Yredelemnul.
  1353 | D:2      | Reached skill level 3 in Spellcasting
  1353 | D:2      | Reached XP level 3. HP: 14/17 MP: 2/8
  1776 | D:1      | Learned a level 3 spell: Conjure Flame
  2175 | D:2      | Learned a level 1 spell: Animate Skeleton
  2177 | D:2      | Learned a level 1 spell: Summon Small Mammal
  2196 | D:2      | Reached skill level 1 in Short Blades
  2432 | D:2      | Reached XP level 4. HP: 21/21 MP: 1/9
  3228 | D:2      | Killed Robin
  3542 | D:3      | Reached skill level 1 in Slings
  3542 | D:3      | Reached XP level 5. HP: 25/25 MP: 11/11
  3553 | D:3      | Found a shattered altar of Ashenzari.
  3866 | D:3      | Reached skill level 1 in Necromancy
  3873 | D:3      | Reached skill level 1 in Fighting
  4167 | D:4      | Found a transporter.
  4167 | D:4      | Noticed Sassenached's ghost (novice DsNe)
  4168 | D:4      | Found a transporter.
  4276 | D:4      | Noticed Sigmund
  4418 | D:3      | Reached XP level 6. HP: 19/30 MP: 2/12
  4738 | D:3      | HP: 1/30 [orc wizard/puff of flame (1)]
  5214 | D:4      | Found a staircase to the Ecumenical Temple.
  5543 | D:3      | Reached skill level 1 in Summonings
  5543 | D:3      | Reached skill level 1 in Fire Magic
  5645 | D:4      | Noticed Grinder
  5657 | D:4      | Reached skill level 4 in Spellcasting
  5862 | D:4      | Paralysed by Grinder for 3 turns
  5935 | Temple   | Entered the Ecumenical Temple
  6141 | Temple   | Became a worshipper of Dithmenos the Shadowed
  6476 | D:4      | Reached XP level 7. HP: 18/33 MP: 8/14
  7200 | D:4      | Paralysed by Grinder for 7 turns
  7214 | D:4      | Killed Grinder
  7214 | D:4      | Reached skill level 5 in Dodging
  7214 | D:4      | Reached skill level 5 in Stealth
  7457 | D:4      | Killed Sigmund
  7457 | D:4      | Reached skill level 5 in Spellcasting
  7666 | D:5      | Entered Level 5 of the Dungeon
  7670 | D:5      | Found Vynocigo's Antique Weapon Boutique.
  7898 | D:5      | Found Estrawk's General Store.
  7904 | D:5      | Noticed Eustachio
  8124 | D:5      | Found Acyos's Book Shoppe.
  8241 | D:5      | Found Alafack's Armour Shop.
  8298 | D:5      | Found Miarr's Food Boutique.
  8431 | D:5      | Reached XP level 8. HP: 39/39 MP: 8/17
  8437 | D:5      | Learned a level 4 spell: Iskenderun's Mystic Blast
  8439 | D:5      | Learned a level 1 spell: Sandblast
  8443 | D:5      | Learned a level 3 spell: Stone Arrow
  8524 | D:5      | Killed Eustachio
  8674 | D:6      | Found a shattered altar of Ashenzari.
  8713 | D:6      | Reached * piety under Dithmenos
  8837 | D:6      | Found a sand-covered staircase.
  8842 | Ossuary  | Entered an ossuary
  9806 | Ossuary  | Reached skill level 1 in Earth Magic
 10382 | D:6      | Found a transporter.
 10389 | D:6      | Found a transporter.
 10392 | D:6      | Noticed an eight-headed hydra
 10395 | D:6      | Found a hide-covered altar of Uskayaw.
 10395 | D:6      | Found a shimmering altar of Xom.
 10420 | D:6      | Reached ** piety under Dithmenos
 10420 | D:6      | Reached skill level 6 in Spellcasting
 10922 | D:6      | Reached XP level 9. HP: 43/43 MP: 8/19
 11215 | D:6      | Found an ancient bone altar of Kikubaaqudgha.
 11238 | D:6      | Found a blossoming altar of Fedhas.
 11391 | D:6      | Noticed a rust devil
 11391 | D:6      | Noticed a rust devil
 12549 | D:7      | Reached skill level 7 in Spellcasting
 12855 | D:7      | Reached skill level 5 in Conjurations
 13588 | D:7      | Reached skill level 1 in Evocations
 15666 | D:7      | Killed a rust devil
 15666 | D:7      | Reached XP level 10. HP: 49/49 MP: 0/21
 16056 | D:7      | Killed a rust devil
 16671 | D:8      | Found an opulent altar of Gozag.
 16806 | D:8      | Reached *** piety under Dithmenos
 17068 | D:8      | Noticed Grum
 17108 | D:8      | Reached skill level 5 in Short Blades
 17438 | D:8      | Found a glowing silver altar of Zin.
 17439 | D:8      | Found a hazy altar of Hepliaklqana.
 17463 | D:8      | Found an ornate altar of the Wu Jian Council.
 17513 | D:8      | Killed Grum
 17962 | D:9      | Noticed Pikel
 18070 | D:9      | Killed Pikel
 18070 | D:9      | Reached skill level 8 in Spellcasting
 18414 | D:9      | Found a white marble altar of Elyvilon.
 18414 | D:9      | Found a sparkling altar of Nemelex Xobeh.
 18429 | D:9      | Noticed Erolcha
 18436 | D:9      | Killed Erolcha
 18493 | D:9      | Found a staircase to the Lair.
 18608 | D:9      | Noticed Harold
 18772 | D:9      | Reached skill level 5 in Slings
 19708 | D:9      | Reached **** piety under Dithmenos
 19839 | D:9      | Reached XP level 11. HP: 52/52 MP: 4/24
 20130 | D:10     | Entered Level 10 of the Dungeon
 20193 | D:10     | Noticed Urug
 20816 | D:10     | Killed Urug
 21549 | D:10     | Reached ***** piety under Dithmenos
 22223 | D:11     | Noticed Nergalle
 22613 | D:11     | Noticed Josephine
 22672 | D:11     | Reached skill level 9 in Spellcasting
 23073 | D:11     | Found a white marble altar of Elyvilon.
 23075 | D:11     | Noticed a two-headed ogre
 23120 | D:11     | Killed a two-headed ogre
 23253 | D:11     | You fall through a shaft for 2 floors!
 23437 | D:12     | Noticed a two-headed ogre
 23444 | D:12     | Found a frozen archway.
 23461 | IceCv    | Entered an ice cave
 23489 | IceCv    | Mangled by a death yak simulacrum

Skill      XL: |  1  2  3  4  5  6  7  8  9 10 11 |
---------------+----------------------------------+-----
Conjurations   | 3 4 5 6 |  6.1
Spellcasting   | 3 4 5 6 7 8 9 |  9.1
Short Blades   | 1 2 4 5 |  5.6
Slings         | 1 2 3 4 5 |  5.7
Stealth        | 4 5 6 7 8 |  8.6
Necromancy     | 1 2 3 4 |  4.2
Fighting       | 1 2 3 |  3.9
Dodging        | 4 5 6 7 8 |  8.7
Summonings     | 1 2 3 |  3.8
Fire Magic     | 1 2 3 |  3.7
Earth Magic    | 1 2 3 4 |  4.0
Evocations     | 1 3 |  3.8

Action                   |  1- 3 |  4- 6 |  7- 9 | 10-12 || total
-------------------------+-------+-------+-------+-------++-------
Melee: Short sword       |    28 |       |       |       ||    28
       Dagger            |   158 |   178 |   354 |   269 ||   959
Throw: Stone             |       |       |     1 |       ||     1
 Cast: Magic Dart        |    64 |   133 |   124 |    58 ||   379
       Summon Small Mamm |     3 |       |       |       ||     3
       Searing Ray       |       |    13 |    64 |    28 ||   105
       Iskenderun's Myst |       |       |    40 |     3 ||    43
       Stone Arrow       |       |       |    56 |   215 ||   271
Evoke: Wand              |       |       |       |     2 ||     2
  Use: Scroll            |       |       |    11 |     8 ||    19
       Potion            |       |       |       |     1 ||     1
 Stab: Sleeping          |     1 |     4 |    10 |     2 ||    17
       Distracted        |       |     1 |       |       ||     1
       Paralysed         |       |       |       |     1 ||     1
  Eat: Ration            |       |     2 |     7 |     4 ||    13
Armor: Robe              |    14 |    31 |    50 |    38 ||   133
Dodge: Dodged            |   159 |   184 |   470 |   556 ||  1369
